Map: Ascension to Aiur LE

Players

Pain - Winner!

  • Race: Protoss Protoss
  • Spawn Location: 11:00

A.I. 1 (Easy)

  • Race: Terran Terran
  • Spawn Location: 5:00

VOD

Have the link to the VOD?

Description

Time

  • Played on: Sept. 3, 2017, 9:38 p.m.
  • Length: 13:26
Show
View Real Time Build Order
Export as new Build Order

Pain Protoss - Winner!

Build Orders:  

Get SALT Encoding   

  12  0:05  Probe (Chrono Boost)  
  13  0:15  Probe (Chrono Boost)  
  13  0:18  Assimilator  
  14  0:26  Probe (Chrono Boost)  
  15  0:35  Assimilator  
  15  0:51  Pylon  
  15  1:02  Pylon  
  15  1:10  Probe (Chrono Boost)  
  16  1:20  Probe (Chrono Boost)  
  16  1:25  Gateway  
  17  1:31  Probe (Chrono Boost)  
  18  1:41  Probe (Chrono Boost), Forge  
  19  2:20  Pylon  
  19  2:22  Zealot  
  21  2:38  Cybernetics Core  
  21  2:44  Protoss Ground Weapons Level 1  
  21  2:49  Zealot  
  23  3:16  Zealot  
  24  3:39  Probe (Chrono Boost)  
  25  3:43  Zealot  
  27  3:49  Probe (Chrono Boost)  
  28  4:00  Probe (Chrono Boost)  
  29  4:05  Gateway  
  29  4:10  Zealot  
  29  4:16  Probe (Chrono Boost)  
  29  4:17  Pylon  
  32  4:26  Probe (Chrono Boost)  
  33  4:37  Zealot, Probe (Chrono Boost)  
  36  4:58  Pylon  
  36  5:04  Stalker  
  38  5:07  Nexus  
  38  5:16  Pylon  
  38  5:24  Probe (Chrono Boost)  
  39  5:34  Stalker, Probe (Chrono Boost)  
  42  5:45  Probe (Chrono Boost)  
  43  5:55  Probe (Chrono Boost)  
  44  5:57  Warp Gate  
  44  6:04  Stalker  
  46  6:12  Assimilator  
  46  6:18  Assimilator  
  46  6:23  Probe (Chrono Boost)  
  47  6:27  Probe (Chrono Boost)  
  48  6:33  Protoss Ground Armor Level 1  
  48  6:34  Stalker, Probe (Chrono Boost)  
  51  6:44  Probe (Chrono Boost)  
  52  6:53  Probe (Chrono Boost)  
  53  6:55  Probe (Chrono Boost)  
  54  7:04  Stalker, Probe (Chrono Boost)  
  54  7:05  Probe (Chrono Boost)  
  58  7:13  Pylon  
  58  7:22  Twilight Council  
  58  7:34  Stalker  
  56  8:01  Pylon  
  56  8:21  Gateway  
  56  8:28  Stalker  
  58  8:39  Blink  
  58  8:45  Probe (Chrono Boost)  
  60  8:55  Probe (Chrono Boost)  
  60  8:58  Stalker  
  60  9:01  Photon Cannon  
  62  9:06  Probe (Chrono Boost)  
  62  9:09  Photon Cannon  
  63  9:10  Photon Cannon  
  63  9:16  Probe (Chrono Boost)  
  64  9:26  Pylon  
  64  9:27  Probe (Chrono Boost)  
  64  9:28  Stalker  
  64  9:30  Photon Cannon  
  67  9:52  Stalker  
  69  9:58  Stalker  
  71  10:22  Stalker  
  73  10:28  Stalker  
  73  10:33  Stargate  
  75  10:37  Pylon  
  72  10:52  Stalker  
  72  10:58  Stalker  
  74  11:22  Stalker  
  76  11:28  Stalker  
  78  11:52  Stalker  
  80  11:58  Stalker  
  82  12:22  Stalker  
  82  12:28  Stalker  
  83  12:51  Stalker  
Show
View Real Time Build Order
Export as new Build Order

A.I. 1 (Easy) Terran 

Build Orders:  

Get SALT Encoding   

  12  0:00  SCV  
  13  0:13  SCV  
  14  0:19  Supply Depot  
  14  0:25  SCV  
  15  0:40  SCV  
  15  0:42  Barracks  
  16  0:46  Refinery  
  16  1:11  Supply Depot  
  16  1:21  Refinery  
  16  1:29  Orbital Command  
  16  1:30  Barracks Tech Lab  
  16  1:48  Marine  
  17  2:12  Supply Depot  
  17  2:14  Marauder  
  17  2:15  SCV  
  20  2:27  SCV  
  21  2:39  SCV, Marauder  
  24  2:51  SCV  
  25  3:03  SCV, Marine  
  27  3:15  SCV  
  28  3:29  Marauder  
  30  3:53  Marine  
  31  4:18  Marine  
  32  6:58  Reaper, SCV  
  32  7:01  Supply Depot  
  34  7:04  Command Center  
  34  7:24  Factory  
  34  7:27  Supply Depot  
  34  7:29  Marine  
  35  7:47  Marine  
  26  8:05  Reaper  
  26  8:09  Starport  
  27  8:16  SCV  
  27  8:18  Refinery  
  28  8:21  SCV  
  28  8:26  Refinery  
  29  8:28  SCV  
  29  8:33  SCV  
  31  8:38  Marauder  
  31  8:40  SCV  
  34  8:45  SCV  
  34  8:47  Starport Tech Lab  
  35  8:53  SCV  
  36  8:57  SCV  
  36  8:59  Marine  
  38  9:05  SCV  
  38  9:06  Raven  
  38  9:09  SCV  
  42  9:16  Marine  
  44  9:17  SCV  
  44  9:21  SCV  
  45  9:29  SCV  
  46  9:33  SCV  
  46  9:34  Marine  
  48  9:41  SCV  
  50  9:45  SCV  
  50  9:48  Raven  
  50  9:52  Marine  
  53  9:53  SCV  
  53  9:57  SCV  
  55  10:05  SCV  
  56  10:09  SCV  
  56  10:10  Marine  
  58  10:17  SCV  
  61  10:28  Marauder  
  61  10:49  Marine  
  51  11:04  Raven  
  51  11:07  Marine  
  52  11:16  Hellion  
  52  11:18  Supply Depot  
  52  11:21  SCV  
  52  11:25  SCV  
  50  11:29  Marine  
  44  11:33  SCV  
  44  11:37  SCV  
  32  11:45  SCV  
  31  11:47  Marine  
  31  11:50  Medivac  
  31  11:53  Engineering Bay  
  29  11:54  Supply Depot  
  29  11:57  SCV  
  29  11:58  Hellion  
  28  12:07  Marine  
  29  12:09  SCV  
  30  12:17  Command Center  
  30  12:20  Raven  
  30  12:21  SCV  
  32  12:24  Marine  
  32  12:28  Command Center  
  30  12:33  SCV  
  30  12:34  Hellion  
  28  12:43  Marine  
  27  12:45  SCV  
  28  12:56  Supply Depot  
  28  12:57  SCV  
  29  13:00  Marine  
  28  13:09  SCV  
Tags
 
Matchup
PvT
Replay Pack
RP
Spawn Locations
Cross Positions
Add a new tag
Caveats
  • Supply blocks, unpowered buildings, or Contaminate may cause inaccurate times.
  • Supply counts are checked every 10 seconds.